 Dungeon Crawl Stone Soup version 0.21.1-1-g345015fe64 (webtiles) character file.

140830 waar the Brawler (level 16, -12/153 HPs)
             Began as a Troll Berserker on June 11, 2018.
             Was a High Priest of Trog.
             Killed from afar by a guardian serpent (18 damage)
             ... with a bolt of poison
             ... on level 4 of the Snake Pit on June 12, 2018.
             The game lasted 04:07:50 (26334 turns).

waar the Brawler (Troll Berserker)                 Turns: 26334, Time: 04:07:51

Health: -12/153    AC: 21    Str: 29    XL:     16   Next: 76%
Magic:  0/18       EV:  9    Int:  8    God:    Trog [*****.]
Gold:   2520       SH: 27    Dex: 16    Spells: 15/15 levels left

rFire    . . .     SeeInvis +     - Unarmed
rCold    . . .     Gourm    +   V - +6 large shield of the Tuna {rElec}
rNeg     . . .     Faith    .   e - +3 storm dragon scales {Bai Suzhen}
rPois    .         Spirit   +   (helmet restricted)
rElec    +         Reflect  .   L - +1 cloak
rCorr    .         Harm     .   (gloves unavailable)
MR       ++++.                  (boots unavailable)
Stlth    ..........             v - amulet of guardian spirit
HPRegen  1.75/turn              O - ring "Plog" {+Blink rC- Int+5 Dex+2 SInv}
MPRegen  0.16/turn              n - ring of protection from magic

@: lethally poisoned (-12 -> -13), about to teleport, very slightly
contaminated, regenerating, constricted, invisible
A: large, unfitting armour, claws 3, see invisible, cold resistance 1, fast
metabolism 3, gourmand, high mp 1, regeneration 1, shaggy fur 1, tough skin 2,
no potion heal 1
a: Berserk, Trog's Hand, Brothers in Arms, Burn Spellbooks, Renounce Religion,
Evoke Blink


You were on level 4 of the Snake Pit.
You worshipped Trog.
Trog was extremely pleased with you.
You were not hungry.

You visited 5 branches of the dungeon, and saw 26 of its levels.
You also visited: Ossuary and Ice Cave.

You collected 2970 gold pieces.
You spent 450 gold pieces at shops.

Inventory:

Hand Weapons
 s - a +0 blowgun
 P - a +6 antimagic mace
 Y - a +2 eveningstar of draining
Missiles
 a - 4 poisoned javelins
 i - 3 needles of confusion
 l - 85 poisoned needles
 m - 6 curare-tipped needles
 x - 4 large rocks
 y - an exploding tomahawk (quivered)
 A - 653 stones
 H - 8 silver javelins
 J - 6 needles of paralysis
 X - a silver tomahawk
Armour
 e - +3 storm dragon scales (worn) {Bai Suzhen}
 u - +0 swamp dragon scales
 L - a +1 cloak (worn)
 V - the +6 large shield of the Tuna (worn) {rElec}
   (You found it on level 6 of the Lair of Beasts)

   It insulates you from electricity.
Jewellery
 d - an uncursed ring of protection from fire
 n - a ring of protection from magic (right claw)
 v - an amulet of guardian spirit (around neck)
 F - an uncursed ring of protection from cold
 O - the ring "Plog" (left claw) {+Blink rC- Int+5 Dex+2 SInv}
   (You found it on level 9 of the Dungeon)

   [ring of intelligence]

   It affects your intelligence (+5).
   It affects your dexterity (+2).
   It makes you vulnerable to cold.
   It lets you see invisible.
   It lets you blink.
 W - an uncursed ring of resist corrosion
Wands
 h - a wand of scattershot (3)
 w - a wand of iceblast (52)
 z - a wand of acid (24)
 D - a wand of polymorph (6)
 E - a wand of digging (50)
 G - a wand of paralysis (18)
 I - a wand of flame (45)
 M - a wand of enslavement (26)
 N - a wand of disintegration (41)
Scrolls
 c - 13 scrolls of remove curse
 g - a scroll of holy word
 k - a scroll of fog
 q - 2 scrolls of teleportation
 K - 4 scrolls of identify
 R - 2 scrolls of summoning
 S - 3 scrolls of fear
 T - 5 scrolls of magic mapping
Potions
 f - 8 potions of agility
 j - 4 potions of might
 o - a potion of resistance
 p - 5 potions of brilliance
 r - 5 potions of flight
 t - 2 potions of curing
 B - 2 potions of ambrosia
 C - 7 potions of lignification
Miscellaneous
 U - 3 phantom mirrors
Comestibles
 b - 19 rations


   Skills:
 + Level 8.7 Fighting
 - Level 8.1 Maces & Flails
 - Level 3.0 Throwing
 + Level 6.6 Armour
 - Level 10.0 Dodging
 + Level 14.6 Shields
 - Level 16.0 Unarmed Combat
 - Level 2.0 Evocations


You had 15 spell levels left.
You didn't know any spells.

Dungeon Overview and Level Annotations

Branches:
Dungeon (11/15)            Temple (0/1) D:7            Lair (6/6) D:9
  Swamp (3/4) Lair:4        Snake (4/4) Lair:2        Slime (0/5) Lair:6
    Orc (2/2) D:9             Elf (0/3) Orc:2

Altars:
Cheibriados
Gozag
Makhleb
Nemelex Xobeh
Uskayaw
Vehumet
Xom
Yredelemnul
Zin
The Shining One
Beogh

Shops:
Orc:2 }**[

Annotations:
D:9 7 exclusions


Innate Abilities, Weirdness & Mutations

You are too large for most types of armour.
You have claws for hands.
Your metabolism is lightning-fast.
You like to eat raw meat.
Your natural rate of healing is unusually fast.
You are covered in fur. (AC +1)
You have very tough skin. (AC +2)
You have supernaturally acute eyesight. (SInv)
Your flesh is cold resistant. (rC+)
You have an increased reservoir of magic. (+10% MP)
Potions are less effective at restoring your health.


Message History

The guardian serpent coils itself and waves its upper body at you.
The bolt of poison hits you!
You are poisoned.
* * * LOW HITPOINT WARNING * * *
The bolt of poison hits the guardian serpent.
The guardian serpent is poisoned.
The nagaraja spits poison at you. The splash of poison hits you!
You are more poisoned.
* * * LOW HITPOINT WARNING * * *
The nagaraja constricts you.
You block the guardian serpent's attack.
You block the sea snake's attack.
The nagaraja hits you but does no damage.
* * * LOW HITPOINT WARNING * * *
The nagaraja constricts you. You block the sea snake's attack.
The guardian serpent coils itself and waves its upper body at you.
The bolt of poison hits you!
You are more poisoned.
You die...

.........##.###..................
...........#..##........#........
.........#.)...##......##........
...........#)...#.#.######......#
#.......###(##..##### ##....##
##.≈≈≈.## ####..## #...## ##≈≈≈##
##..## ##.## #### ##SN# ### #@S#
#SS# ...N..NN## ≈N≈≈SN.## ≈.≈≈≈##
≈.≈## ≈. .


You could see a nagaraja, 2 sea snakes, 2 guardian serpents, a naga mage and 2
nagas.

Vanquished Creatures
  Bai Suzhen (Snake:3)
  Vashnia (Snake:2)
  3 thorn hunters
  5 nagarajas
  An orc warlord (Orc:2)
  A white draconian (IceCv)
  10 hydras
  3 naga warriors
  A merfolk avatar (Lair:6)
  A catoblepas (Lair:4)
  A ghost crab (Swamp:2)
  7 anacondas
  5 alligators
  4 two-headed ogres
  18 naga sharpshooters
  The ghost of Naow the Warmonger, a novice FoFi of Okawaru (D:8)
  5 orc high priests (Orc:2)
  8 shock serpents
  6 sea snakes (Snake:4)
  3 swamp dragons
  2 naga ritualists
  4 mana vipers
  2 salamanders
  A deep elf mage (Orc:2)
  4 orc sorcerers (Orc:2)
  Joseph (D:7)
  2 elephants (Lair:6)
  5 guardian serpents
  10 naga magi
  19 black mambas
  5 torpor snails (Lair:5)
  An ice statue (IceCv)
  An eye of devastation (Lair:6)
  A gargoyle (D:10)
  14 spiny frogs
  5 rime drakes
  16 komodo dragons
  A troll (D:9)
  6 tyrant leeches
  5 hornets
  17 polar bears
  A wind drake (Lair:6)
  Grinder (D:5)
  5 bog bodies
  9 blink frogs
  4 slime creatures (Swamp:1)
  5 hippogriffs
  10 spriggans
  Sigmund (D:5)
  A shadow (Swamp:2)
  52 yaks
  4 wyverns
  25 vampire mosquitoes
  A warg (D:11)
  Menkaure (D:5)
  13 swamp worms
  7 insubstantial wisps
  36 nagas
  17 water moccasins
  2 hell hounds (Orc:2)
  10 porcupines
  5 swamp drakes
  18 orc warriors
  An eye of draining (Lair:6)
  2 sky beasts
  A phantom (D:6)
  6 ogres
  27 wolves
  7 centaurs
  15 crocodiles
  8 bullfrogs
  A gnoll sergeant (Orc:2)
  3 water moccasin zombies (Ossuary)
  2 scorpions
  A water moccasin skeleton (D:8)
  6 killer bees (D:7)
  6 electric eels
  7 wights
  5 jellies
  A bullfrog zombie (D:6)
  The ghost of waaargh the Magician, a weakling DEWz (D:3)
  6 crimson imps
  13 hounds
  2 bullfrog skeletons
  27 orc priests
  A centaur skeleton (D:8)
  2 iguanas
  Ijyb (D:4)
  7 worker ants
  7 hell rats (Lair:5)
  26 orc wizards
  2 mummies (Ossuary)
  3 gnolls (Orc:2)
  10 adders
  2 shadow imps
  2 oozes
  12 adder zombies
  2 adder skeletons
  A worm (D:2)
  5 leopard geckos
  52 orcs
  12 bats
  3 giant cockroaches
  3 gnoll zombies (Ossuary)
  4 goblins
  10 hobgoblins
  8 jackals
  6 quokkas
  A ball python (D:3)
  9 frilled lizards
  4 hobgoblin zombies (Ossuary)
  A jackal skeleton (D:3)
  8 kobolds
  5 kobold zombies (Ossuary)
  A leopard gecko zombie (D:5)
  4 orc zombies (Ossuary)
  8 rats
  2 briar patches (Swamp:3)
  2 fungi
  A plant (Lair:4)
810 creatures vanquished.

Vanquished Creatures (collateral kills)
  A tentacled monstrosity (Swamp:3)
  A hydra (Swamp:3)
  A naga sharpshooter (Snake:2)
  A deep elf knight (Orc:2)
  A naga (Snake:2)
  4 orc warriors (Orc:2)
  An ogre (Orc:2)
  2 orc priests (Orc:2)
  An orc wizard (Orc:2)
  2 orcs (Orc:2)
15 creatures vanquished.

Vanquished Creatures (others)
  A guardian serpent (Snake:4)
  A polar bear (IceCv)
  A yak (IceCv)
  An orc (D:9)
  2 briar patches (Swamp:3)
  13 fungi
  15 plants
34 creatures vanquished.

Grand Total: 859 creatures vanquished

Notes
Turn   | Place    | Note
-------+----------+-------------------------------------------
     0 | D:1      | waar the Troll Berserker began the quest for the Orb.
     0 | D:1      | Reached XP level 1. HP: 22/22 MP: 0/0
   292 | D:1      | Reached XP level 2. HP: 29/29 MP: 1/1
   593 | D:2      | Reached XP level 3. HP: 36/36 MP: 2/2
   596 | D:2      | Reached ** piety under Trog
   663 | D:2      | Found an opulent altar of Gozag.
  1347 | D:3      | Reached XP level 4. HP: 37/44 MP: 3/3
  1424 | D:3      | Reached skill level 1 in Throwing
  1587 | D:3      | Noticed waaargh's ghost (weakling DEWz)
  1598 | D:3      | Killed waaargh's ghost
  1598 | D:3      | Reached skill level 4 in Unarmed Combat
  1598 | D:3      | Reached XP level 5. HP: 37/53 MP: 4/4
  1686 | D:3      | Reached *** piety under Trog
  2114 | D:3      | Found a shimmering altar of Xom.
  2130 | D:3      | Reached XP level 6. HP: 61/61 MP: 5/5
  2242 | D:4      | Found a glowing golden altar of the Shining One.
  2510 | D:4      | Noticed Ijyb
  2550 | D:4      | Reached skill level 5 in Unarmed Combat
  2649 | D:4      | Found a sparkling altar of Nemelex Xobeh.
  2668 | D:4      | Killed Ijyb
  2893 | D:5      | Entered Level 5 of the Dungeon
  2901 | D:5      | Found a sand-covered staircase.
  2917 | Ossuary  | Entered an ossuary
  2964 | Ossuary  | Reached skill level 6 in Unarmed Combat
  2964 | Ossuary  | Reached XP level 7. HP: 67/68 MP: 4/6
  3031 | Ossuary  | Reached **** piety under Trog
  3031 | Ossuary  | Received a gift from Trog
  3292 | D:5      | Reached skill level 7 in Unarmed Combat
  3395 | D:5      | Noticed Grinder
  3410 | D:5      | Killed Grinder
  3410 | D:5      | Reached XP level 8. HP: 63/78 MP: 5/7
  3511 | D:5      | Noticed Sigmund
  3655 | D:6      | Reached skill level 8 in Unarmed Combat
  3772 | D:6      | Got a shimmering whip {slash}
  3773 | D:6      | Identified the +3 whip of Naegus {slash, *Contam Int+3 SInv Stlth+} (You took it off a crimson imp on level 6 of the Dungeon)
  3808 | D:6      | Gained mutation: You tend to lose your temper in combat. [mutagenic glow]
  3863 | D:6      | Found a hide-covered altar of Uskayaw.
  3933 | D:6      | Found a burning altar of Makhleb.
  3933 | D:6      | Noticed a blizzard demon
  4388 | D:7      | Noticed Joseph
  4402 | D:7      | Killed Joseph
  4402 | D:7      | Reached skill level 5 in Dodging
  4402 | D:7      | Reached skill level 9 in Unarmed Combat
  4436 | D:7      | Noticed a hippogriff
  4443 | D:7      | Killed a hippogriff
  4443 | D:7      | Reached XP level 9. HP: 54/87 MP: 5/8
  4474 | D:7      | Reached skill level 5 in Fighting
  4517 | D:7      | Found a staircase to the Ecumenical Temple.
  4584 | D:7      | Reached skill level 10 in Unarmed Combat
  5174 | D:7      | Gained mutation: Scrolls take you a little longer to read. [mutagenic glow]
  5184 | D:8      | Reached skill level 1 in Maces & Flails
  5827 | D:8      | Noticed a two-headed ogre
  5836 | D:8      | Killed a two-headed ogre
  5836 | D:8      | Reached XP level 10. HP: 97/98 MP: 5/9
  6030 | D:8      | Noticed Naow's ghost (novice FoFi)
  6039 | D:8      | Killed Naow's ghost
  6165 | D:9      | Found a basalt altar of Yredelemnul.
  6185 | D:9      | Found a staircase to the Lair.
  6280 | D:9      | Reached skill level 11 in Unarmed Combat
  6291 | D:9      | Received a gift from Trog
  6539 | D:9      | Noticed a five-headed hydra
  6553 | D:9      | Killed a five-headed hydra
  6779 | D:9      | Found a staircase to the Orcish Mines.
  6852 | D:9      | Noticed a two-headed ogre
  6856 | D:9      | Reached ***** piety under Trog
  6860 | D:9      | Killed a two-headed ogre
  6870 | D:9      | Got a transparent wooden ring
  6872 | D:9      | Identified the ring "Plog" {+Blink rC- Int+5 Dex+2 SInv} (You found it on level 9 of the Dungeon)
  7000 | D:9      | Found a glowing silver altar of Zin.
  7003 | D:9      | Found a sparkling altar of Nemelex Xobeh.
  7044 | D:9      | Lost mutation: Scrolls take you a little longer to read. [potion of mutation]
  7044 | D:9      | Lost mutation: You tend to lose your temper in combat. [potion of mutation]
  7044 | D:9      | Gained mutation: Your muscles are strong. (Str +2) [potion of mutation]
  7044 | D:9      | Gained mutation: You are resistant to electric shocks. (rElec) [potion of mutation]
  7262 | D:10     | Entered Level 10 of the Dungeon
  7269 | D:10     | Reached XP level 11. HP: 88/107 MP: 6/10
  7274 | D:10     | Reached skill level 12 in Unarmed Combat
  7402 | D:10     | Noticed a two-headed ogre
  7421 | D:10     | Killed a two-headed ogre
  7421 | D:10     | Reached skill level 1 in Evocations
  8314 | D:11     | Noticed an ettin
  8516 | D:5      | Noticed Menkaure
  8522 | D:5      | Killed Menkaure
  8528 | D:5      | Killed Sigmund
  8640 | Orc:1    | Entered Level 1 of the Orcish Mines
  8670 | Orc:1    | Noticed a two-headed ogre
  8676 | Orc:1    | Killed a two-headed ogre
  8838 | Orc:2    | Entered Level 2 of the Orcish Mines
  8838 | Orc:2    | Found a staircase to the Elven Halls.
  8884 | Orc:2    | Noticed an orc sorcerer
  8892 | Orc:2    | Killed an orc sorcerer
  8892 | Orc:2    | Received a gift from Trog
  8892 | Orc:2    | Reached skill level 13 in Unarmed Combat
  8911 | Orc:2    | Noticed a deep elf knight
  8912 | Orc:2    | Noticed a deep elf mage
  8936 | Orc:2    | Killed a deep elf knight
  8949 | Orc:2    | Noticed an orc high priest
  8960 | Orc:2    | Killed an orc high priest
  9000 | Orc:2    | Found a radiant altar of Vehumet.
  9092 | Orc:2    | Noticed an orc high priest
  9286 | Orc:2    | Killed an orc high priest
  9306 | Orc:2    | Found a frozen archway.
  9316 | IceCv    | Entered an ice cave
  9371 | IceCv    | Reached XP level 12. HP: 53/118 MP: 6/11
  9706 | IceCv    | Reached skill level 5 in Maces & Flails
  9880 | IceCv    | Reached skill level 14 in Unarmed Combat
 10249 | IceCv    | Noticed a white draconian
 10283 | IceCv    | Killed a white draconian
 10811 | Orc:2    | Noticed an orc warlord
 10823 | Orc:2    | Killed an orc warlord
 10858 | Orc:2    | Found a roughly hewn altar of Beogh.
 11064 | Orc:2    | Noticed an orc high priest
 11073 | Orc:2    | Killed an orc high priest
 11073 | Orc:2    | Reached skill level 15 in Unarmed Combat
 11078 | Orc:2    | Noticed an orc high priest
 11088 | Orc:2    | Killed an orc high priest
 11088 | Orc:2    | Reached XP level 13. HP: 92/128 MP: 7/12
 11197 | Orc:2    | Found Ashun's General Store.
 11197 | Orc:2    | Found Suddiz's Antique Armour Shoppe.
 11197 | Orc:2    | Found Tiakar's General Store.
 11227 | Orc:2    | Found Vihiary's Gadget Emporium.
 11253 | Orc:2    | Bought a shield for 162 gold pieces
 11253 | Orc:2    | Bought a glowing scarf for 288 gold pieces
 11727 | Lair:1   | Entered Level 1 of the Lair of Beasts
 11745 | Lair:1   | Reached skill level 1 in Shields
 12707 | Lair:2   | Found a staircase to the Snake Pit.
 12981 | Lair:2   | Reached skill level 5 in Shields
 12990 | Lair:2   | Received a gift from Trog
 13738 | Lair:3   | Received a gift from Trog
 13765 | Lair:3   | Lost mutation: Your muscles are strong. (Str +2) [potion of mutation]
 13765 | Lair:3   | Lost mutation: You are resistant to electric shocks. (rElec) [potion of mutation]
 13765 | Lair:3   | Gained mutation: You are occasionally teleported next to monsters. [potion of mutation]
 13765 | Lair:3   | Gained mutation: Armour fits poorly on your strangely shaped body. [potion of mutation]
 13765 | Lair:3   | Gained mutation: You can translocate small distances at will. [potion of mutation]
 13766 | Lair:3   | Lost mutation: Armour fits poorly on your strangely shaped body. [potion of mutation]
 13766 | Lair:3   | Lost mutation: You can translocate small distances at will. [potion of mutation]
 13766 | Lair:3   | Gained mutation: Your flesh is cold resistant. (rC+) [potion of mutation]
 13766 | Lair:3   | Gained mutation: Your movements are slightly less encumbered by armour. (ER -2) [potion of mutation]
 14460 | Lair:4   | Found a staircase to the Swamp.
 14523 | Lair:4   | Received a gift from Trog
 15292 | Lair:5   | Received a gift from Trog
 15424 | Lair:5   | Reached XP level 14. HP: 137/137 MP: 13/13
 15704 | Lair:5   | Found a snail-covered altar of Cheibriados.
 16176 | Lair:6   | Entered Level 6 of the Lair of Beasts
 16800 | Lair:6   | Got a translucent large shield
 16801 | Lair:6   | Identified the +6 large shield of the Tuna {rElec} (You found it on level 6 of the Lair of Beasts)
 16998 | Lair:6   | Found a staircase to the Slime Pits.
 17665 | Swamp:1  | Entered Level 1 of the Swamp
 17825 | Swamp:1  | Reached skill level 10 in Shields
 18148 | Swamp:1  | Received a gift from Trog
 18642 | Swamp:2  | Noticed a thorn hunter
 18823 | Swamp:2  | Received a gift from Trog
 19050 | Swamp:2  | Killed a thorn hunter
 19284 | Swamp:2  | Reached XP level 15. HP: 145/145 MP: 10/15
 19668 | Swamp:2  | Reached skill level 10 in Dodging
 19930 | Swamp:3  | Noticed a tentacled monstrosity
 19952 | Swamp:3  | Killed a tentacled monstrosity
 19952 | Swamp:3  | Reached skill level 1 in Armour
 20322 | Swamp:3  | Noticed a thorn hunter
 20332 | Swamp:3  | Killed a thorn hunter
 20550 | Swamp:3  | Noticed a thorn hunter
 20581 | Swamp:3  | Killed a thorn hunter
 21303 | Snake:1  | Entered Level 1 of the Snake Pit
 22748 | Snake:2  | Received a gift from Trog
 22750 | Snake:2  | Reached skill level 5 in Armour
 23384 | Snake:2  | Received a gift from Trog
 23386 | Snake:2  | Lost mutation: Your flesh is cold resistant. (rC+) [potion of mutation]
 23386 | Snake:2  | Lost mutation: You are occasionally teleported next to monsters. [potion of mutation]
 23386 | Snake:2  | Gained mutation: You expend magic power (3 MP) to strengthen your wands. [potion of mutation]
 23386 | Snake:2  | Gained mutation: You are weak. (Str -2) [potion of mutation]
 23386 | Snake:2  | Gained mutation: You have supernaturally acute eyesight. (SInv) [potion of mutation]
 23386 | Snake:2  | Gained mutation: You are agile. (Dex +2) [potion of mutation]
 23387 | Snake:2  | Lost mutation: You are weak. (Str -2) [potion of mutation]
 23387 | Snake:2  | Lost mutation: You expend magic power (3 MP) to strengthen your wands. [potion of mutation]
 23387 | Snake:2  | Gained mutation: Potions are less effective at restoring your health. [potion of mutation]
 23387 | Snake:2  | Gained mutation: You are somewhat resistant to further mutation. [potion of mutation]
 23387 | Snake:2  | Gained mutation: You have an increased reservoir of magic. (+10% MP) [potion of mutation]
 23388 | Snake:2  | Lost mutation: You are agile. (Dex +2) [potion of mutation]
 23388 | Snake:2  | Lost mutation: You are somewhat resistant to further mutation. [potion of mutation]
 23388 | Snake:2  | Lost mutation: Your movements are slightly less encumbered by armour. (ER -2) [potion of mutation]
 23388 | Snake:2  | Gained mutation: Your flesh is cold resistant. (rC+) [potion of mutation]
 23753 | Snake:3  | Noticed Vashnia
 23913 | Snake:2  | Killed Vashnia
 24167 | Snake:3  | Reached XP level 16. HP: 153/153 MP: 13/18
 24232 | Snake:3  | Noticed Bai Suzhen
 24337 | Snake:3  | Killed Bai Suzhen
 24337 | Snake:3  | Reached skill level 16 in Unarmed Combat
 24813 | Snake:4  | Entered Level 4 of the Snake Pit
 26318 | Snake:4  | Received a gift from Trog
 26334 | Snake:4  | HP: 7/153 [nagaraja/splash of poison (10)]
 26334 | Snake:4  | Killed from afar by a guardian serpent

Skill      XL: |  1  2  3  4  5  6  7  8  9 10 11 12 13 14 15 16 |
---------------+-------------------------------------------------+-----
Dodging        | 3 4 5 6 7 8 9 10 | 10.0
Fighting       | 3 4 6 7 8 |  8.7
Throwing       | 1 3 |  3.0
Unarmed Combat | 4 6 7 9 10 11 13 15 16 | 16.0
Maces & Flails | 2 4 6 8 |  8.1
Evocations     | 1 2 |  2.0
Shields        | 8 11 13 14 | 14.6
Armour         | 5 6 |  6.6

Action                   |  1- 3 |  4- 6 |  7- 9 | 10-12 | 13-15 | 16-18 || total
-------------------------+-------+-------+-------+-------+-------+-------++-------
Melee: Unarmed           |   136 |   170 |   264 |   568 |  1211 |   332 ||  2681
       Punch             |     3 |       |    16 |    50 |     6 |       ||    75
       Whip              |       |       |    24 |       |       |       ||    24
       Flail             |       |       |       |     4 |    58 |       ||    62
       Eveningstar       |       |       |       |       |     9 |       ||     9
       Mace              |       |       |       |       |    52 |       ||    52
 Fire: Blowgun           |       |       |       |     3 |    49 |       ||    52
Throw: Stone             |    13 |    13 |    60 |    48 |    26 |       ||   160
       Tomahawk          |       |       |    14 |    57 |    92 |    13 ||   176
       Javelin           |       |       |       |       |    53 |    28 ||    81
       Large rock        |       |       |       |       |       |     6 ||     6
Invok: Trog's Hand       |       |     3 |     6 |    16 |    21 |     4 ||    50
       Berserk           |       |     1 |     4 |    11 |    14 |     3 ||    33
       Burn Spellbooks   |       |       |       |     2 |     5 |     2 ||     9
       Brothers in Arms  |       |       |       |     3 |     5 |     3 ||    11
 Abil: Evoke Blink       |       |       |       |     1 |     3 |       ||     4
Evoke: Wand              |       |       |       |     5 |     4 |     3 ||    12
  Use: Scroll            |       |     9 |     4 |    21 |    15 |     3 ||    52
       Potion            |       |       |     4 |     3 |    15 |     7 ||    29
 Stab: Sleeping          |       |     1 |       |       |       |       ||     1
       Distracted        |       |       |       |       |     1 |       ||     1
  Eat: Chunk             |    18 |    14 |    30 |    67 |   110 |    21 ||   260
       Ration            |       |       |     1 |       |     8 |     2 ||    11
Armor: Animal skin       |    72 |    32 |    59 |   102 |   123 |       ||   388
       Swamp dragon scal |       |       |       |       |    80 |    16 ||    96
       Storm dragon scal |       |       |       |       |       |    47 ||    47
Dodge: Dodged            |    85 |    70 |   131 |   368 |   441 |    90 ||  1185
Block: Shield            |       |       |       |       |   313 |       ||   313
       Large shield      |       |       |       |       |   788 |   424 ||  1212
